 Dungeon Crawl Stone Soup version 0.21-a0-401-g0b6bec4 (webtiles) character file.

11205 Jm2c the Martial Artist (level 11, -8/82 HPs)
             Began as a Purple Draconian Transmuter on Oct 21, 2017.
             Was a High Priest of Hepliaklqana.
             Mangled by a blink frog (15 damage)
             ... on level 2 of the Lair of Beasts on Oct 22, 2017.
             The game lasted 01:49:39 (14633 turns).

Jm2c the Martial Artist (DrTm)                     Turns: 14633, Time: 01:49:40

Health: -8/82      AC:  6    Str: 13    XL:     11   Next: 46%
Magic:  12/15      EV: 10    Int: 14    God:    Hepliaklqana [*****.]
Gold:   629        SH:  0    Dex: 18    Spells: 1/16 levels left

rFire    x . .     SeeInvis .     - Unarmed
rCold    + + +     Gourm    .   (shield currently unavailable)
rNeg     . . .     Faith    +   (armour unavailable)
rPois    +         Spirit   .   (helmet currently unavailable)
rElec    .         Reflect  .   (cloak currently unavailable)
rCorr    .         Harm     .   (gloves currently unavailable)
MR       +....                  (boots currently unavailable)
Stlth    ++........             H - amulet of faith {!P}
HPRegen  0.23/turn              X - +4 ring of dexterity
MPRegen  0.14/turn              (no ring)

@: ice-form
A: (breathe power), unfitting armour, reduced essence, AC +7
a: End Transformation, Recall Ancestor, Ancestor Identity, Transference,
Idealise, Renounce Religion


You were on level 2 of the Lair of Beasts.
You worshipped Hepliaklqana.
Hepliaklqana was extremely pleased with you.
You were hungry.
You were a creature of crystalline ice.
You visited 3 branches of the dungeon, and saw 13 of its levels.
You also visited: Bailey.

You collected 629 gold pieces.


Innate Abilities, Weirdness & Mutations

((You can breathe bolts of dispelling energy.))
((Your rich purple scales are hard. (AC +7)))
You cannot fit into any form of body armour.
((You are cold-blooded and may be slowed by cold attacks.))
Your life essence is reduced to manifest your ancestor. (-10% HP)


   Skills:
 - Level 1.1 Fighting
 - Level 1.7 Dodging
 * Level 13.6 Unarmed Combat
 - Level 3.1 Spellcasting
 + Level 10.0 Transmutations
 - Level 3.0 Ice Magic
 - Level 3.1 Poison Magic
 - Level 5.0 Evocations


You had one spell level left.
You knew the following spells:

 Your Spells              Type           Power        Failure   Level  Hunger
b - Blade Hands           Tmut           ####......   10%         5    ######.
c - Ice Form              Ice/Tmut       ###.....     14%         4    #####..
p - Spider Form           Tmut/Pois      ###.......   4%          3    ###....
t - Sticks to Snakes      Tmut           ####....     1%          2    ##.....
z - Beastly Appendage     Tmut           ####..       1%          1    #......

Inventory:

Missiles
 a - 313 arrows
 r - 213 stones (quivered)
 E - a throwing net {=f}
Armour
 i - a +0 cloak (melded)
Jewellery
 F - an uncursed ring of fire
 H - an amulet of faith (around neck) {!P}
 J - a +3 ring of dexterity
 X - a +4 ring of dexterity (left front paw)
Wands
 g - a wand of flame (7/48)
 u - a wand of digging (15/24)
 v - a wand of acid (7/15)
 x - a wand of flame (21/48)
 y - a wand of random effects (22/48)
 B - a wand of random effects (25/48)
 M - a wand of lightning (5/15)
Scrolls
 e - a scroll of noise {unknown}
 j - 6 scrolls of remove curse {@r2}
 k - 10 scrolls of teleportation {@r4}
 q - a scroll of magic mapping {unknown}
 s - a scroll of immolation {!r}
 t - a scroll of enchant weapon {unknown}
 z - a scroll of recharging {unknown}
 D - 2 scrolls of fog
 G - a scroll of torment {unknown}
 K - a scroll of holy word {unknown}
Potions
 d - 2 potions of curing {@q1}
 l - 2 potions of cancellation
 m - 4 potions of brilliance
 n - 2 potions of lignification {!q}
 o - a potion of berserk rage {!q}
 p - a potion of magic
 A - 2 potions of resistance
 I - 2 potions of agility
Books
 b - a book of Changes

   Spells                             Type                      Level
   a - Beastly Appendage              Transmutation                1
   b - Sticks to Snakes               Transmutation                2
   c - Spider Form                    Transmutation/Poison         3
   d - Ice Form                       Ice/Transmutation            4
   e - Blade Hands                    Transmutation                5
 h - a book of Minor Magic

   Spells                             Type                      Level
   a - Magic Dart                     Conjuration                  1
   b - Blink                          Translocation                2
   c - Call Imp                       Summoning                    2
   d - Slow                           Hexes                        2
   e - Conjure Flame                  Conjuration/Fire             3
   f - Mephitic Cloud                 Conjuration/Poison/Air       3
Miscellaneous
 C - a lamp of fire
Comestibles
 c - 11 bread rations {@e1}
 f - 8 fruits {@e2}
 w - 5 meat rations {@e1}
 L - a royal jelly {@e3}

Dungeon Overview and Level Annotations

Branches:
Dungeon (10/15)            Temple (1/1) D:4            Lair (2/6) D:10
    Orc (0/2) D:10
  Swamp: Lair:2-4    Shoals: Lair:2-4     Snake: Lair:2-4    Spider: Lair:2-4

Altars:
Ashenzari
Cheibriados
Dithmenos
Elyvilon
Fedhas
Gozag
Hepliaklqana
Kikubaaqudgha
Makhleb
Nemelex Xobeh
Okawaru
Qazlal
Ru
Sif Muna
Trog
Uskayaw
Vehumet
Wu Jian
Xom
Yredelemnul
Zin
The Shining One

Annotations:
D:4 1 runed door

#.## ###......# #..###
##≈..≈≈...## # #..#.#
#.≈.≈≈≈≈≈≈.#.# #....#
#.≈≈≈≈≈≈≈≈....
##..####.≈≈≈≈≈≈≈≈≈≈.P
##.#.##.≈≈≈≈.≈≈≈≈...
###..#..≈≈≈≈.<.≈≈≈...
##....###.≈≈≈...≈≈≈≈..
##.#P....#.≈Y≈≈≈≈≈≈≈..#
#..........≈F≈≈≈≈≈≈...#
#...........S≈≈≈≈≈..###
##....##....S..≈≈...#
##...#####...R###..##
#...## #.#...F.#..#
##.P######.#.......#
##...#.##P..#..†..#..
#.>...........†.....#


You could see the friendly Nkonkoni the hexer, 2 blink frogs and 2 friendly ball
pythons.


Message History

You punch the blink frog! You freeze the blink frog.
The blink frog is heavily wounded.
Your ball python bites the blink frog.
Your ball python misses the blink frog.
The blink frog closely misses you.
Your ball python bites the blink frog.
Your ball python barely misses the blink frog.
The blink frog hits you but does no damage.
Nkonkoni hits the blink frog with a dagger of draining!
You pummel the blink frog!!
The blink frog seems to slow down.
You freeze the blink frog!
You kill the blink frog!
The blink frog blinks!
You closely miss the blink frog.
Nkonkoni casts a spell at the blink frog.
The blink frog easily resists.
The blink frog hits you!
* * * LOW HITPOINT WARNING * * *
The blink frog blinks!
You feel better.
You hit the blink frog. You freeze the blink frog.
The blink frog is severely wounded.
The blink frog hits you!!
* * * LOW HITPOINT WARNING * * *
The blink frog blinks!
Nkonkoni points at the blink frog and mumbles some strange words.
The blink frog easily resists.
The blink frog blinks!
The blink frog blinks! x2
The blink frog blinks!
The blink frog hits you but does no damage.
The blink frog hits you!
You die...

Skill      XL: |  1  2  3  4  5  6  7  8  9 10 11 |
---------------+----------------------------------+-----
Unarmed Combat | 4 5 6 7 9 11 12 13 | 13.6
Transmutations | 3 4 5 6 7 9 10 | 10.0
Poison Magic   | 1 2 3 |  3.1
Spellcasting   | 3 |  3.1
Ice Magic      | 3 |  3.0
Evocations     | 2 5 |  5.0
Fighting       | |  1.1
Dodging        | |  1.7

Action                   |  1- 3 |  4- 6 |  7- 9 | 10-12 || total
-------------------------+-------+-------+-------+-------++-------
Melee: Unarmed           |   148 |   111 |   328 |   277 ||   864
       Tailslap          |    17 |    12 |    36 |    13 ||    78
       Kick              |     7 |    10 |    37 |     8 ||    62
       Headbutt          |     7 |    14 |     7 |     6 ||    34
       Punch             |       |     5 |     6 |     4 ||    15
Throw: Stone             |       |       |     9 |       ||     9
 Cast: Beastly Appendage |    29 |    30 |    37 |    10 ||   106
       Sticks to Snakes  |     7 |     6 |     2 |     9 ||    24
       Spider Form       |       |     2 |    26 |    14 ||    42
       Ice Form          |       |       |       |    10 ||    10
       Blade Hands       |       |       |       |     6 ||     6
Invok: Ancestor Life: He |       |       |     1 |       ||     1
       Recall Ancestor   |       |       |     1 |       ||     1
Evoke: Wand              |       |       |     2 |       ||     2
  Use: Scroll            |       |     4 |     5 |     6 ||    15
       Potion            |       |     2 |     1 |     4 ||     7
 Stab: Distracted        |       |     2 |     5 |     5 ||    12
       Confused          |       |       |     3 |     6 ||     9
       Sleeping          |       |       |     2 |     1 ||     3
  Eat: Chunk             |     5 |    11 |    10 |    12 ||    38
       Royal jelly       |       |     2 |     1 |     2 ||     5
       Bread ration      |       |       |     1 |     1 ||     2
Armor: Skin              |    34 |    23 |    48 |    55 ||   160
Dodge: Dodged            |    62 |    77 |   187 |   142 ||   468

Vault maps used:
D:1:      onia_arrival_mini_maze
D:2:      first_bread, serial_bayou, serial_bayou_shore_a, serial_bayou_pond_a,
          serial_bayou_pond_a, serial_bayou_pond_e, columned_hall_lemuel,
          uniq_jessica
D:3:      serial_park_tiny_2
D:4:      temple_doors_e, lemuel_angel_altar, uniq_crazy_yiuf_cottage,
          uniq_pikel, uniq_sigmund
D:5:      kb_forest_paths, nicolae_ru_the_path_less_chosen
D:6:      minmay_misc_feat_plants
D:7:      enter_bailey_8
D:8:      minmay_misc_feat_rows
D:10:     grunt_lair_entry_orc_guard_hut, orc_0_dummy, hangedman_fish_farm
Temple:   nicolae_temple_the_god_donut
Lair:2:   statuecave_lemuel, nicolae_volcano_entry_hallway,
          portal_ice_cave_entry_ice_beasts, lemuel_fruit_tree,
          infiniplex_staircase_pool_2
Bailey:   bailey_axe_minmay_hex_keep, bailey

Notes
Turn   | Place    | Note
-------+----------+-------------------------------------------
     0 | D:1      | Jm2c the Draconian Transmuter began the quest for the Orb.
     0 | D:1      | Reached XP level 1. HP: 16/16 MP: 3/3
   356 | D:1      | Reached XP level 2. HP: 18/23 MP: 3/5
   366 | D:1      | Learned a level 2 spell: Sticks to Snakes
  1318 | D:2      | Noticed Jessica
  1344 | D:2      | Reached XP level 3. HP: 25/28 MP: 0/6
  1686 | D:2      | Learned a level 3 spell: Spider Form
  1976 | D:2      | Reached skill level 4 in Unarmed Combat
  2188 | D:2      | Killed Jessica
  2188 | D:2      | Reached XP level 4. HP: 35/35 MP: 2/7
  2331 | D:2      | Reached skill level 3 in Transmutations
  2848 | D:3      | Reached XP level 5. HP: 40/40 MP: 4/8
  3273 | D:4      | Noticed Sigmund
  3379 | D:4      | Found a staircase to the Ecumenical Temple.
  3384 | Temple   | Entered the Ecumenical Temple
  3643 | Temple   | Became a worshipper of Hepliaklqana the Forgotten
  3661 | D:4      | Noticed a slave
  3696 | D:4      | Reached skill level 5 in Unarmed Combat
  3938 | D:4      | Noticed a slave
  4183 | D:4      | Killed Sigmund
  4183 | D:4      | Reached skill level 1 in Poison Magic
  4183 | D:4      | Reached XP level 6. HP: 29/42 MP: 6/9
  4394 | D:4      | Found a glowing golden altar of the Shining One.
  4395 | D:4      | Noticed an angel
  4396 | D:4      | Found a runed door.
  4451 | D:4      | Reached skill level 4 in Transmutations
  4739 | D:4      | Noticed a slave
  4755 | D:5      | Entered Level 5 of the Dungeon
  4776 | D:5      | Found a sacrificial altar of Ru.
  4812 | D:5      | Reached * piety under Hepliaklqana
  4894 | D:5      | Reached skill level 6 in Unarmed Combat
  4894 | D:5      | Reached skill level 2 in Poison Magic
  5023 | D:5      | Your scales start taking on a rich purple colour.
  5023 | D:5      | Reached skill level 3 in Spellcasting
  5023 | D:5      | Reached XP level 7. HP: 45/46 MP: 9/11
  5479 | D:5      | Reached skill level 7 in Unarmed Combat
  5479 | D:5      | Reached skill level 3 in Poison Magic
  5915 | D:4      | Found a runed door.
  5920 | D:4      | Noticed Crazy Yiuf
  5934 | D:4      | Killed Crazy Yiuf
  5934 | D:4      | Reached skill level 5 in Transmutations
  6360 | D:6      | Reached XP level 8. HP: 49/53 MP: 12/12
  6603 | D:6      | Reached ** piety under Hepliaklqana
  6749 | D:6      | Remembered your ancestor Nkonkoni as a hexer
  6809 | D:4      | Noticed Pikel
  6831 | D:4      | Killed Pikel
  6831 | D:4      | Reached skill level 8 in Unarmed Combat
  6831 | D:4      | Reached skill level 6 in Transmutations
  6910 | D:7      | Reached skill level 9 in Unarmed Combat
  7113 | D:7      | Found a flagged portal.
  7314 | Bailey   | Entered a bailey
  7410 | Bailey   | Reached XP level 9. HP: 45/57 MP: 13/13
  7500 | Bailey   | Learned a level 4 spell: Ice Form
  7791 | Bailey   | Noticed an orc knight
  7796 | Bailey   | Noticed an orc knight
  7802 | Bailey   | Reached skill level 1 in Ice Magic
  8117 | D:7      | Reached skill level 10 in Unarmed Combat
  8263 | D:7      | Reached *** piety under Hepliaklqana
  8474 | D:7      | Reached skill level 7 in Transmutations
  8779 | D:8      | Reached skill level 2 in Ice Magic
  9267 | D:8      | Reached skill level 3 in Ice Magic
  9515 | D:8      | Reached skill level 1 in Evocations
 10010 | D:9      | Reached **** piety under Hepliaklqana
 10179 | D:9      | Reached skill level 11 in Unarmed Combat
 10179 | D:9      | Reached skill level 2 in Evocations
 10341 | D:9      | Paralysed by a hornet for 3 turns
 10515 | D:9      | Reached XP level 10. HP: 53/63 MP: 11/14
 10617 | D:9      | Reached skill level 8 in Transmutations
 10717 | D:9      | Reached skill level 3 in Evocations
 10742 | D:9      | Learned a level 5 spell: Blade Hands
 11579 | D:10     | Entered Level 10 of the Dungeon
 11590 | D:10     | Found a staircase to the Orcish Mines.
 11616 | D:10     | Noticed a two-headed ogre
 11815 | D:10     | Reached skill level 4 in Evocations
 12203 | D:10     | Reached skill level 12 in Unarmed Combat
 12274 | D:10     | Noticed a gargoyle
 12287 | D:10     | Killed a gargoyle
 12765 | D:10     | Found a staircase to the Lair.
 12784 | D:10     | Reached skill level 5 in Evocations
 12813 | D:10     | Reached skill level 9 in Transmutations
 12894 | D:10     | HP: 6/63 [two-headed ogre/giant club (16)]
 12896 | D:10     | Killed a two-headed ogre
 13271 | D:10     | Reached XP level 11. HP: 59/69 MP: 10/15
 13336 | D:10     | Reached ***** piety under Hepliaklqana
 13362 | D:10     | Identified 2 potions of resistance
 13530 | Lair:1   | Entered Level 1 of the Lair of Beasts
 13759 | Lair:1   | Reached skill level 13 in Unarmed Combat
 14163 | Lair:1   | Noticed a six-headed hydra
 14174 | Lair:1   | Killed a six-headed hydra
 14618 | Lair:2   | Reached skill level 10 in Transmutations
 14627 | Lair:2   | HP: 5/82 [blink frog (20)]
 14633 | Lair:2   | Mangled by a blink frog

Vanquished Creatures
  A hydra (Lair:1)
  Pikel (D:4)
  A black mamba (Lair:1)
  A gargoyle (D:10)
  A komodo dragon (Lair:1)
  A merfolk (D:10)
  3 hippogriffs
  7 blink frogs
  A wraith (D:10)
  Sigmund (D:4)
  A hungry ghost (D:9)
  A water moccasin (D:7)
  4 orc warriors
  3 porcupines
  A sky beast (D:8)
  6 ice beasts
  2 ogres
  6 centaurs
  2 phantoms
  2 crocodiles
  2 big kobolds
  4 bullfrogs
  A wyvern skeleton (D:7)
  A wyvern zombie (D:10)
  2 scorpions
  6 killer bees
  4 wights
  3 howler monkeys
  4 crimson imps
  6 hounds
  3 orc priests
  2 quasits (D:9)
  A bullfrog skeleton (D:9)
  A centaur skeleton (D:7)
  4 orc wizards
  Jessica (D:2)
  2 iguanas (D:9)
  5 worker ants
  A worker ant zombie (D:9)
  12 gnolls
  7 adders
  A shadow imp (D:9)
  An ooze (D:3)
  An adder zombie (D:7)
  An adder skeleton (D:7)
  3 leopard geckos
  38 orcs
  A ball python (D:3)
  8 bats
  6 giant cockroaches
  19 goblins
  15 hobgoblins
  5 jackals
  6 quokkas
  3 frilled lizards
  10 kobolds
  A leopard gecko skeleton (D:7)
  A leopard gecko zombie (D:7)
  3 rats
  2 fungi
243 creatures vanquished.

Vanquished Creatures (collateral kills)
  A two-headed ogre (D:10)
  A hornet (D:9)
  A basilisk (Lair:1)
  A porcupine (D:10)
  An eye of draining (D:9)
  3 phantoms
  2 ogres
  A killer bee (D:8)
  2 wights (D:10)
  A jelly (D:6)
  A bullfrog zombie (D:5)
  A crimson imp (D:7)
  Crazy Yiuf (D:4)
  2 orc wizards
  6 worker ants
  A killer bee zombie (D:9)
  A worker ant zombie (D:7)
  5 adders
  3 gnolls (Bailey)
  2 worms (D:2)
  A leopard gecko (D:8)
  7 orcs
  A giant cockroach (D:5)
  A quokka (D:6)
  A frilled lizard (D:4)
  3 goblins (Bailey)
51 creatures vanquished.

Vanquished Creatures (others)
  4 hexers
  19 fungi
  11 plants (D:10)
34 creatures vanquished.

Grand Total: 328 creatures vanquished
